 Dungeon Crawl Stone Soup version 0.26-a0-540-g8a0c9464d7 (webtiles) character file.

Game seed: 14637916741778361493

31 Inarius the Skirmisher (level 3, 29/29 HPs)
             Began as a Mummy Wanderer on Aug 23, 2020.
             Safely got out of the dungeon.
             The game lasted 00:01:25 (1217 turns).

Inarius the Skirmisher (Mummy Wanderer)             Turns: 1217, Time: 00:01:26

Health: 29/29      AC:  3    Str: 17    XL:     3   Next: 7%
Magic:  3/3        EV: 12    Int:  9    God:
Gold:   37         SH:  0    Dex: 12    Spells: 2/2 levels left

rFire    x . .     SeeInvis .   l - +0 hand axe
rCold    + . .     Faith    .   (no shield)
rNeg     + + +     Spirit   .   f - +0 leather armour
rPois    ∞         Reflect  .   (no helmet)
rElec    .         Harm     .   i - scarf {shadows}
rCorr    .                      (no gloves)
MR       .....                  (no boots)
Stlth    +.........             (no amulet)
HPRegen  0.09/turn              (no ring)
MPRegen  0.08/turn              (no ring)

@: no status effects
A: no potions, fire vulnerability, cold resistance 1, negative energy resistance
3, torment resistance, unbreathing
a: no special abilities


You escaped.
You visited 1 branch of the dungeon, and saw 2 of its levels.

You collected 37 gold pieces.

Inventory:

Hand Weapons
 l - a +0 hand axe (weapon)
Armour
 f - a +0 leather armour (worn)
 i - a scarf of shadows (worn)
Scrolls
 b - a scroll of blinking
 e - 2 scrolls of identify {unknown}
 g - a scroll of noise {unknown}
 h - a scroll of enchant weapon {unknown}
 j - a scroll of immolation {unknown}
 k - a scroll of fog {unknown}


   Skills:
 + Level 3.3 Fighting
   Level 1.5 Short Blades
 * Level 0.1 Axes
 + Level 0.6 Armour
 - Level 2.4 Dodging
 - Level 1.5 Stealth
   Level 1.0 Shields


You had 2 spell levels left.
You didn't know any spells.
Your spell library was empty.

Dungeon Overview and Level Annotations

Branches:
Dungeon (2/15)

Altars:


Innate Abilities, Weirdness & Mutations

You do not drink.
Your flesh is vulnerable to fire.
You are immune to poison.
Your flesh is cold resistant. (rC+)
You are immune to negative energy. (rN+++)
You are immune to unholy pain and torment.
You can survive without breathing.


Message History

There is an open door here.
There is an open door here.
You see here a frilled lizard corpse.
You see here a lumpy coppery potion.
You see here a rat skeleton.
There is a stone staircase leading up here.
You climb upwards.
There is a stone staircase leading down here.
There is a stone staircase leading down here.
You see here 19 stones.
There is an empty arch of ancient stone here.
There is a staircase leading out of the dungeon here.
Are you sure you want to leave the Dungeon?
This will make you lose the game!
Alright, then stay!
Unknown command.
Unknown command.
Unknown command.
You can't go down here!
Are you sure you want to leave the Dungeon?
This will make you lose the game!
You have escaped!

##.......#......#
######....##.###
######...####.#
..#.....####..#
....##.###...##
......###########
.#...##.♣....♣..##
.....#...........##
.....#♣..♣......@.###
..>..#.............≈#
....##..............#
(.###♣..............♣
.#∩#................♣
##......⌠.....♣.....#
##...............#∩##
#................∩.#
#♣...............###


There were no monsters in sight!

Vanquished Creatures
  An ooze (D:2)
  A worm (D:2)
  A dart slug (D:1)
  2 leopard geckos
  4 bats
  A giant cockroach (D:1)
  A goblin (D:1)
  2 hobgoblins
  3 frilled lizards
  3 kobolds (D:2)
  2 rats
21 creatures vanquished.

Notes
Turn   | Place    | Note
-------+----------+-------------------------------------------
     0 | D:1      | Inarius the Mummy Wanderer began the quest for the Orb.
     0 | D:1      | Inarius set off with the following items: a +2 dagger, a
                  | scroll of blinking, a +0 spear, a +0 short sword, a +0 robe
     0 | D:1      | Reached XP level 1. HP: 16/16 MP: 1/1
   477 | D:1      | Reached XP level 2. HP: 23/23 MP: 2/2
   781 | D:2      | Reached skill level 3 in Fighting
  1108 | D:2      | Reached XP level 3. HP: 29/29 MP: 3/3
  1217 | D:$      | Safely got out of the dungeon.

Illustrated notes

Levels and vault maps discovered:
D:1:      nzn_arrival_settlement, layout_rooms
D:2:      wad_river_or_something, layout_loops_ring

Skill      XL: |  1  2 |
---------------+-------+-----
Fighting       | 3 |  3.3
Short Blades   | |  1.5
Axes           | |  0.1
Armour         | |  0.6
Dodging        | |  2.4
Stealth        | |  1.5
Shields        | |  1.0

Action                   || total
-------------------------++-------
Melee: Dagger            ||    78
       Hand axe          ||    12
Armor: Leather armour    ||    17
       Robe              ||     1
Dodge: Dodged            ||    55

Table legend: (Time is in decaauts)
 A = Elapsed time spent in this place.
 B = Non-inter-level travel time spent in this place.
 C = Inter-level travel time spent in this place.
 D = Time resting spent in this place.
 E = Time spent auto-exploring this place.
 F = Levels seen in this place.
 G = Mean time per level.
                   A        B        C        D        E       F      G
               +--------+--------+--------+--------+--------+-----+--------+
         Total |   1214 |   1115 |     99 |      0 |    896 |   2 |  607.0 |
       Dungeon |   1214 |   1115 |     99 |      0 |    896 |   2 |  607.0 |
               +--------+--------+--------+--------+--------+-----+--------+

Top non-repeatable levels by time:
     D:1: 800 daAuts
     D:2: 413 daAuts
